 Dungeon Crawl Stone Soup version 0.30.1-11-g7821555f0a (webtiles) character file.

Game seed: 14880210235099844884

221 lonewolfV2 the Trooper (level 5, -4/49 HPs)
             Began as a Minotaur Fighter on Nov 9, 2023.
             Slain by an iguana (10 damage)
             ... on level 4 of the Dungeon.
             The game lasted 00:03:26 (2371 turns).

lonewolfV2 the Trooper (Minotaur Fighter)           Turns: 2371, Time: 00:03:27

Health: -4/49      AC:  9    Str: 20    XL:     5   Next: 65%
Magic:  4/4        EV: 11    Int:  5    God:
Gold:   136        SH:  4    Dex: 12    Spells: 4/4 levels left

rFire   . . .        a - +2 war axe
rCold   . . .        c - +0 buckler
rNeg    . . .        l - +3 ring mail {rPois}
rPois   +            (helmet restricted)
rElec   .            (no cloak)
rCorr   .            (no gloves)
SInv    .            (no boots)
Will    .....        (no amulet)
Stlth   +            k - ring of wizardry
HPRegen 0.28/turn    (no ring)
MPRegen 0.09/turn

%: wizardry (x1)
@: mighty
A: horns 2, retaliatory headbutt
a: no special abilities


You were on level 4 of the Dungeon.
You visited 2 branches of the dungeon, and saw 5 of its levels.

You collected 136 gold pieces.

Inventory:

Hand Weapons
 a - a +2 war axe (weapon)
Armour
 c - a +0 buckler (worn)
 l - a +3 ring mail of poison resistance (worn)
Jewellery
 k - a ring of wizardry (left hand)
Scrolls
 g - a scroll of fear
 h - a scroll of vulnerability
 i - a scroll of identify
 m - 2 scrolls of teleportation
Potions
 b - a potion of degeneration
 e - a potion of brilliance


   Skills:
 * Level 5.6 Fighting
 - Level 2.4 Axes
 + Level 4.7 Armour
 * Level 3.7 Dodging
 - Level 3.6 Shields


You had 4 spell levels left.
You didn't know any spells.
Your spell library contained the following spells:

 Spells                   Type           Power      Damage    Failure   Level
 Lesser Beckoning         Tloc           0%         N/A       52%         2
 Gell's Gravitas          Tloc           0%         N/A       75%         3
 Teleport Other           Tloc           0%         N/A       75%         3


Dungeon Overview and Level Annotations

Branches:
Dungeon (4/15)             Temple (1/1) D:4

Altars:
Ashenzari
Dithmenos
Elyvilon
Fedhas
Gozag
Kikubaaqudgha
Makhleb
Nemelex Xobeh
Ru
Sif Muna
Trog
Uskayaw
Vehumet
Xom
Yredelemnul
The Shining One


Innate Abilities, Weirdness & Mutations

You have a pair of horns on your head.
You reflexively headbutt those who attack you in melee.


Message History

The orc wizard hits you with a +0 dagger.
You block the orc priest's attack. The iguana bites you!
* * * LOW HITPOINT WARNING * * *
The phantom hits you but does no damage.
You feel better. The orc hits you but does no damage.
The orc wizard hits you but does no damage.
The iguana bites you but does no damage.
The orc priest calls upon Beogh to heal the orc wizard.
The orc wizard's wounds heal themselves!
The phantom hits you but does no damage.
You feel very mighty all of a sudden. The orc closely misses you.
You furiously retaliate!
You headbutt the orc!
You kill the orc!
The orc wizard hits you with a +0 dagger.
* * * LOW HITPOINT WARNING * * *
The iguana bites you.
* * * LOW HITPOINT WARNING * * *
The orc priest closely misses you. The phantom barely misses you.
You hit the phantom.
The phantom is heavily damaged.
You closely miss the iguana. You closely miss the orc priest.
You slash the orc wizard!
You kill the orc wizard!
The iguana closely misses you. You furiously retaliate!
You headbutt the iguana! You block the orc priest's attack.
The phantom hits you but does no damage.
You closely miss the phantom.
The phantom is heavily damaged.
You barely miss the orc priest. You barely miss the iguana.
The iguana barely misses you. The orc priest closely misses you.
The phantom hits you.
* * * LOW HITPOINT WARNING * * *
The phantom blinks!
You blink.
The phantom hits you.
* * * LOW HITPOINT WARNING * * *
The phantom blinks!
You blink.
You slash the phantom!
You destroy the phantom!
The iguana bites you!
You die...

#.#...........#
#.#.#.#.#.#.#.#.#
###.#.............
#.....#.......#.#
#.###......))...#
##.###.#...>)).#.#
#...##.....o.....#
#...##.#.......#....
#...##.....@l.......
#.####.#.#.#.#.#...#
####.####....ยงยง.......#
#......#####.....###...
#.##.#.# #.....# .#
#.##...# ###.......
#.###..# ######. #......#
#####.#######


You could see an iguana and an orc priest.

Vanquished Creatures
  A phantom (D:4)
  Natasha (thrice) (D:3)
  An orc wizard (D:4)
  Robin (D:3)
  4 adders
  4 orcs
  3 ball pythons (D:2)
  8 bats
  8 endoplasms
  2 giant cockroaches
  11 goblins
  10 hobgoblins
  2 quokkas (D:3)
  3 frilled lizards
  5 kobolds
  2 rats (D:1)
68 creatures vanquished.

Notes
Turn   | Place    | Note
-------+----------+-------------------------------------------
     0 | D:1      | lonewolfV2 the Minotaur Fighter began the quest for the
                  | Orb.
     0 | D:1      | Reached XP level 1. HP: 19/19 MP: 0/0
   141 | D:1      | Reached skill level 1 in Dodging
   141 | D:1      | Reached XP level 2. HP: 27/27 MP: 1/1
   144 | D:1      | Reached skill level 4 in Fighting
   618 | D:2      | Reached XP level 3. HP: 30/34 MP: 2/2
  1401 | D:3      | Noticed Natasha
  1404 | D:3      | Killed Natasha
  1405 | D:3      | Reached XP level 4. HP: 34/41 MP: 3/3
  1435 | D:3      | Noticed Robin
  1455 | D:3      | Killed Robin
  1460 | D:3      | Reached skill level 5 in Fighting
  1490 | D:3      | Noticed Natasha
  1590 | D:3      | Killed Natasha
  1614 | D:3      | Noticed Natasha
  1623 | D:3      | Killed Natasha
  1624 | D:3      | Reached XP level 5. HP: 46/48 MP: 4/4
  1649 | D:3      | Found a faded altar of an unknown god.
  1683 | D:3      | Prayed at the altar of an unknown god.
  1683 | D:3      | Became a worshipper of Trog the Wrathful
  1683 | D:3      | Reached * piety under Trog
  1684 | D:3      | Fell from the grace of Trog
  1842 | D:3      | Found a broken altar of Ashenzari.
  2121 | D:4      | Found a staircase to the Ecumenical Temple.
  2134 | D:4      | Noticed a phantom
  2136 | Temple   | Entered the Ecumenical Temple
  2371 | D:4      | Killed a phantom
  2371 | D:4      | Slain by an iguana

Illustrated notes

Levels and vault maps discovered:
D:1:      lightli_arrival_statue_moat, layout_rooms, minivault_5
D:2:      layout_basic
D:3:      layout_rooms, mainiacjoe_overflow_boulevard,
          hellmonk_ecumenical_altar_leap_of_faith, kennysheep_generic_room_6,
          uniq_robin, uniq_natasha
D:4:      layout_loops_cross, minmay_temple_entry_glass, serial_undead,
          serial_undead_c, serial_undead_f, serial_undead_f, serial_undead_c,
          minmay_bisected, uniq_pikel
Temple:   minmay_freezing_vapour_temple

Skill      XL: |  1  2  3  4 |
---------------+-------------+-----
Dodging        | 1 2 3 |  3.7
Fighting       | 4 5 |  5.6
Armour         | 4 |  4.7
Axes           | |  2.4
Shields        | |  3.6

Action                     |  1- 3 |  4- 6 || total
---------------------------+-------+-------++-------
  Melee: War axe           |    78 |    54 ||   132
         Headbutt          |     7 |     6 ||    13
 Invoke: Renounce Religion |       |     1 ||     1
    Use: Scroll            |    10 |     3 ||    13
         Potion            |       |     5 ||     5
 Armour: Scale mail        |    17 |       ||    17
         Ring mail         |    37 |    34 ||    71
  Dodge: Dodged            |    52 |    38 ||    90
  Block: Buckler           |    21 |    22 ||    43
